 Dungeon Crawl Stone Soup version 0.31-a0-1576-ga3383bade6 (webtiles) character file.

Game seed: 15904993468334891396

10960 Flugslaktarn the Thaumaturge (level 11, -13/81 HPs)
             Began as an Octopode Alchemist on Jan 4, 2024.
             Was an Elder of Sif Muna.
             Killed from afar by a kobold blastminer (38 damage)
             ... with an iron shot
             ... on level 1 of the Orcish Mines.
             The game lasted 00:20:49 (5880 turns).

Flugslaktarn the Thaumaturge (Octopode Alchemist)   Turns: 5880, Time: 00:20:49

Health: -13/81     AC:  1    Str:  8    XL:     11   Next: 70%
Magic:  26/34      EV: 16    Int: 21    God:    Sif Muna [****..]
Gold:   826        SH:  0    Dex: 13    Spells: 21/30 levels left

rFire   + . .        r - +3 scimitar
rCold   . . .        (no shield)
rNeg    . . .        (helmet currently unavailable)
rPois   .            (no amulet)
rElec   .            c - ring of magical power
rCorr   .            f - ring of protection from fire
SInv    .            (no ring)
Will    .....        (no ring)
Stlth   +++          (no ring)
HPRegen 0.33/turn    (no ring)
MPRegen 0.24/turn    (no ring)
                     (no ring)

%: no passive effects
@: beast-form
A: beast (slay +2), almost no armour, amphibious, 8 rings, camouflage 1,
gelatinous body 1, (nimble swimmer 1), tentacles
a: Begin Untransformation, Renounce Religion, Channel Magic, Forget Spell,
Divine Exegesis


You were on level 1 of the Orcish Mines.
You worshipped Sif Muna.
Sif Muna was greatly pleased with you.
You were a hulking beast.
You visited 3 branches of the dungeon, and saw 13 of its levels.

You collected 826 gold pieces.

Inventory:

Hand Weapons
 i - a +7 club
   (You took it off Jessica on level 3 of the Dungeon)
 o - a +0 rapier
   (You found it on level 5 of the Dungeon)
 r - a +3 scimitar (weapon)
   (You took it off a wight on level 9 of the Dungeon)
 x - a +1 heavy long sword
   (You took it off Maggie on level 6 of the Dungeon)
 A - a +4 trident
   (You took it off a wight on level 8 of the Dungeon)
Missiles
 a - a throwing net
Armour
 b - a +2 hat
   (You found it on level 9 of the Dungeon)
 e - a +0 kite shield
   (You took it off a gnoll sergeant on level 10 of the Dungeon)
Jewellery
 c - a ring of magical power (left tentacle)
   (You took it off an orc warrior on level 4 of the Dungeon)
 f - a ring of protection from fire (right tentacle)
   (You found it on level 4 of the Dungeon)
Talismans
 d - a talisman of death
   (You found it on level 1 of the Dungeon)
 z - a beast talisman (active)
   (You found it on level 7 of the Dungeon)
Wands
 l - a wand of flame (31)
   (You found it on level 4 of the Dungeon)
 u - a wand of iceblast (1)
   (You found it on level 7 of the Dungeon)
 v - a wand of polymorph (24)
   (You took it off Blork the orc on level 6 of the Dungeon)
 y - a wand of mindburst (15)
   (You found it on level 7 of the Dungeon)
Scrolls
 j - a scroll of fog
 s - 2 scrolls of noise
 t - 3 scrolls of teleportation
 C - a scroll of enchant weapon
 E - a scroll of poison {unknown}
Potions
 g - a potion of berserk rage
 h - 4 potions of haste
 m - a potion of attraction {unknown}
 n - a potion of resistance
 p - a potion of degeneration {unknown}
 q - 2 potions of curing
 w - a potion of heal wounds
 B - a potion of mutation {unknown}
 D - a potion of lignification


   Skills:
 - Level 9.7 Fighting
 - Level 7.2 Dodging
 - Level 4.0 Stealth
 - Level 10.0 Spellcasting
 - Level 1.0 Conjurations
 + Level 5.3 Summonings
 - Level 4.0 Fire Magic
 - Level 8.2 Alchemy
 - Level 3.0 Invocations
 - Level 3.0 Evocations
 - Level 4.6 Shapeshifting


You had 21 spell levels left.
You knew the following spells:

 Your Spells              Type           Power      Damage    Failure   Level
a - Sting                 Conj/Alch      100%       1d9       1%          1
b - Olgreb's Toxic Radia  Alch           45%        N/A       2%          4
c - Sticky Flame          Fire/Alch      36%        2d8       5%          4

Your spell library contained the following spells:

 Spells                   Type           Power      Damage    Failure   Level
 Mercury Vapours          Alch/Air       54%        N/A       1%          2
 Magic Dart               Conj           56%        1d5       4%          1
 Mephitic Cloud           Conj/Alch/Air  23%        N/A       5%          3
 Searing Ray              Conj           28%        2d5       6%          2
 Fulminant Prism          Conj/Alch      14%        3d9       10%         4
 Cause Fear               Hex            5%         N/A       54%         4
 Fireball                 Conj/Fire      10%        3d6       54%         5
 Dragon's Call            Summ           16%        N/A       100%        9


Dungeon Overview and Level Annotations

Branches:
Dungeon (11/15)            Temple (1/1) D:5             Orc (1/2) D:11
   Lair: D:8-11

Altars:
Ashenzari
Cheibriados
Dithmenos
Elyvilon
Fedhas
Gozag
Hepliaklqana
Kikubaaqudgha
Makhleb
Nemelex Xobeh
Okawaru
Qazlal
Ru
Sif Muna
Trog
Uskayaw
Vehumet
Wu Jian
Xom
Yredelemnul
Zin
The Shining One

Shops:
D:1 (   D:4 *

Annotations:
D:4 3 runed translucent doors, Tenar's ghost, amateur DsEE
D:10 3 runed translucent doors


Innate Abilities, Weirdness & Mutations

You are a hulking beast.
Your limbs bulge with bestial killing power. (Slay +2)
You cannot wear most types of armour.
You are amphibious.
You can wear up to eight rings at the same time.
Your skin changes colour to match your surroundings (Stealth+).
Your rubbery body absorbs attacks. (AC +1, EV +1)
((You are camouflaged when in or above water. (Stealth+)))
You have tentacles for arms and can constrict up to eight enemies at once.


Message History

Things that are here:
a +0 dire flail; a +0 dire flail
Casting: Olgreb's Toxic Radiance (dangerous; 2% risk of failure)
Confirm with . or Enter, or press ? or * to list all spells.
You begin to radiate toxic energy.
The troll looks even sicker.
The kobold blastminer looks even sicker.
The kobold blastminer shoots a bolt.
The bolt hits you!
* * * LOW HITPOINT WARNING * * *
You hear the steady crackling of a melting archway.
Your toxic aura wanes.
Aiming: Mindburst
Press: ? - help, Shift-Dir - straight line, f - troll
Aim: a troll (lightly wounded, very poisoned, chance to affect: 76%)
The troll's mind is blasted!!
The kobold blastminer shoots a bolt.
The bolt misses you.
Aiming: Mindburst
Press: ? - help, Shift-Dir - straight line, f/p - troll
Aim: a troll (severely wounded, very poisoned, chance to affect: 76%)
The troll's mind is blasted!!
You blow up the troll!
Sif Muna accepts your kill.
The kobold blastminer shoots a bolt.
The bolt closely misses you.
Your Summonings skill increases to level 5!
Aiming: Mindburst
Press: ? - help, Shift-Dir - straight line
Okay, then.
Unknown command.
Aiming: Mindburst
Press: ? - help, Shift-Dir - straight line, f - ice devil
Aim: an ice devil (chance to affect: 26%)
Okay, then.
Okay, then.
As you read the scroll of summoning, it crumbles to dust.
Wisps of shadow whirl around you... The ice devil hits your warg!
The ice devil freezes your warg!
The kobold blastminer shoots a bolt.
The bolt hits your orc wizard!
Unknown command.
You swap places.
Your warg closely misses the ice devil.
The ice devil hits your warg. The ice devil freezes your warg!
Your orc wizard hits the ice devil with a +0 dagger.
Your orc barely misses the ice devil.
Your warg bites the ice devil.
The ice devil closely misses your warg.
Your orc closely misses the ice devil.
Your orc wizard hits the ice devil but does no damage.
Your orc wizard hits the ice devil with a +0 dagger.
Your orc barely misses the ice devil.
Your warg misses the ice devil.
Your orc hits the ice devil but does no damage.
Your orc wizard hits the ice devil but does no damage.
Your orc wizard hits the ice devil with a +0 dagger.
Your orc completely misses the ice devil.
Your warg bites the ice devil.
The ice devil hits your orc. The ice devil freezes your orc!
Your orc dies!
Your orc's corpse dissolves into shadows!
A kobold blastminer comes into view.
Your warg bites the ice devil.
Your orc barely misses the ice devil.
Your orc wizard hits the ice devil with a +0 dagger.
Your orc wizard barely misses the ice devil.
Your orc barely misses the ice devil.
Your warg completely misses the ice devil.
Your warg bites the ice devil!
The kobold blastminer unwields a +0 arbalest.
The kobold blastminer hits your orc wizard.
The ice devil hits your warg but does no damage.
Your orc misses the ice devil.
Your orc wizard hits the ice devil but does no damage.
Your orc hits the ice devil but does no damage.
Your orc wizard hits the ice devil but does no damage.
Your warg bites the ice devil!
The ice devil dies!
Sif Muna accepts your kill.
The kobold blastminer wields a +0 arbalest.
The kobold blastminer shoots a bolt.
The bolt hits your orc wizard.
Your orc wizard dies!
Your orc wizard's corpse dissolves into shadows!
Unknown command.
The kobold blastminer wields a +0 arbalest.
The kobold blastminer shoots a bolt.
The bolt completely misses your warg.
The bolt closely misses your orc wizard.
The bolt closely misses you.
The kobold blastminer shoots a bolt.
The bolt hits your orc!
Your orc dies!
Your orc's corpse dissolves into shadows!
Your orc misses the kobold blastminer.
Your orc hits the kobold blastminer with a +0 hand axe.
Unknown command.
Your warg barely misses the kobold blastminer.
Your orc hits the kobold blastminer but does no damage.
Your orc barely misses the kobold blastminer.
Your warg barely misses the kobold blastminer.
The kobold blastminer blasts its cannon at you.
The iron shot hits your orc!!
Your orc dies!
Your orc's corpse dissolves into shadows!
The kobold blastminer shouts!
Unknown command.
The kobold blastminer blasts its cannon at you.
The iron shot hits you!!!
You die...

........)....##
......)K..)..)##
.........#...).##
.......><.......##
..........).)....#
#............KhK####
##......T.....).h#.##
##4##########.o)...#
#..# #..h#.## #..#
#..##.## #..'.#
#.##...# ....#....
#####.## ....'.##T..
### ....### .. #.#.#
#####


You could see 2 kobold blastminers, 2 friendly wargs and a friendly orc wizard
(summoned).

Vanquished Creatures
  An ettin (Orc:1)
  A death yak (D:9)
  A two-headed ogre (D:8)
  Joseph (D:7)
  Maggie (D:6)
  A troll (Orc:1)
  2 hornets
  Prince Ribbit (D:8)
  2 shadows (D:11)
  7 yaks
  3 wyverns
  A steam dragon (D:8)
  An acid dragon (D:11)
  5 water moccasins
  5 orc warriors
  2 ice beasts (D:7)
  2 black bears
  2 ogres (D:7)
  2 centaurs (D:7)
  5 phantoms
  2 kobold brigands
  Blork the orc (D:6)
  A bullfrog (D:8)
  3 gnoll sergeants
  2 scorpions
  10 wights
  A troll zombie (D:11)
  9 killer bees
  5 howler monkeys
  2 bombardier beetles
  4 hounds
  A jelly (D:7)
  3 orc priests
  A gnoll bouda (D:7)
  Jessica (D:3)
  4 iguanas
  2 sleepcaps
  7 orc wizards
  3 ogre zombies (D:11)
  22 gnolls
  12 adders
  3 white imps
  A dart slug (D:3)
  3 ribbon worms
  33 orcs
  5 endoplasms
  5 giant cockroaches
  3 goblins
  5 hobgoblins
  11 kobolds
  2 quokkas (D:2)
  6 ball pythons
  2 bats
  3 frilled lizards
  3 gnoll skeletons (D:11)
  2 gnoll zombies (D:11)
  12 orc zombies (D:11)
241 creatures vanquished.

Vanquished Creatures (collateral kills)
  An ice devil (Orc:1)
1 creature vanquished.

Vanquished Creatures (others)
  A sky beast (D:7)
  A goblin (D:3)
2 creatures vanquished.

Grand Total: 244 creatures vanquished

Notes
Turn   | Place    | Note
-------+----------+-------------------------------------------
     0 | D:1      | Flugslaktarn the Octopode Alchemist began the quest for the
                  | Orb.
     0 | D:1      | Reached XP level 1. HP: 11/11 MP: 3/3
    85 | D:1      | Reached XP level 2. HP: 17/17 MP: 3/5
   127 | D:1      | Found Hypnuggo's Weapon Boutique.
   362 | D:2      | Reached XP level 3. HP: 5/21 MP: 2/6
   609 | D:3      | Found a white marble altar of Elyvilon.
   849 | D:3      | Reached XP level 4. HP: 27/27 MP: 6/8
   855 | D:3      | Noticed an ogre
   907 | D:4      | Noticed an orc warrior
   919 | D:3      | Learned a level 4 spell: Olgreb's Toxic Radiance
   971 | D:3      | Noticed Jessica
   974 | D:3      | Killed Jessica
   975 | D:3      | Reached skill level 3 in Spellcasting
   975 | D:3      | Reached skill level 5 in Alchemy
  1027 | D:3      | Reached XP level 5. HP: 31/31 MP: 6/9
  1170 | D:4      | Reached XP level 6. HP: 54/54 MP: 0/10
  1182 | D:4      | Reached skill level 5 in Spellcasting
  1182 | D:4      | Reached XP level 7. HP: 56/58 MP: 1/15
  1215 | D:4      | Learned a level 4 spell: Sticky Flame
  1239 | D:4      | Found Taucioh's Serpentskin Sales.
  1246 | D:4      | Reached skill level 6 in Spellcasting
  1246 | D:4      | Reached skill level 1 in Fire Magic
  1303 | D:4      | Reached XP level 8. HP: 47/64 MP: 8/17
  1387 | D:4      | Found a runed translucent gate.
  1387 | D:4      | Found a runed translucent gate.
  1387 | D:4      | Noticed Tenar's ghost (amateur DsEE)
  1388 | D:4      | Found a runed translucent gate.
  1568 | D:5      | Entered Level 5 of the Dungeon
  1670 | D:5      | Found a staircase to the Ecumenical Temple.
  1680 | Temple   | Entered the Ecumenical Temple
  1697 | Temple   | Became a worshipper of Sif Muna the Loreminder
  1740 | D:6      | HP: 1/64 [phantom (6)]
  2340 | D:5      | Reached XP level 9. HP: 38/70 MP: 18/18
  2782 | D:6      | Found a hazy altar of Hepliaklqana.
  2838 | D:7      | Noticed a hornet
  2845 | D:7      | Killed a hornet
  3102 | D:6      | Noticed Blork the orc
  3108 | D:6      | Killed Blork the orc
  3124 | D:6      | Noticed Maggie
  3137 | D:6      | Killed Maggie
  3211 | D:6      | Found a snail-covered altar of Cheibriados.
  3385 | D:7      | Noticed Joseph
  3402 | D:7      | Killed Joseph
  3403 | D:7      | Reached skill level 7 in Spellcasting
  3653 | D:7      | Reached * piety under Sif Muna
  3661 | D:7      | Reached XP level 10. HP: 63/75 MP: 21/21
  3698 | D:7      | Reached skill level 1 in Invocations
  3698 | D:7      | Reached skill level 1 in Evocations
  3910 | D:8      | Noticed a two-headed ogre
  3935 | D:8      | Killed a two-headed ogre
  4053 | D:8      | Reached ** piety under Sif Muna
  4064 | D:8      | Reached skill level 8 in Spellcasting
  4222 | D:8      | Found a stormy altar of Qazlal.
  4285 | D:8      | Noticed Prince Ribbit
  4297 | D:8      | Killed Prince Ribbit
  4400 | D:9      | Reached XP level 11. HP: 45/81 MP: 20/23
  4464 | D:9      | Reached skill level 9 in Spellcasting
  4616 | D:9      | Noticed a death yak
  4618 | D:9      | Noticed a death yak
  4656 | D:9      | Killed a death yak
  4656 | D:9      | Reached *** piety under Sif Muna
  4665 | D:10     | Entered Level 10 of the Dungeon
  4837 | D:10     | Found a burning altar of Makhleb.
  4851 | D:10     | Reached skill level 10 in Spellcasting
  4853 | D:10     | Reached skill level 1 in Summonings
  4937 | D:10     | Found an opulent altar of Gozag.
  4942 | D:10     | Found a runed translucent gate.
  4944 | D:10     | Found a runed translucent gate.
  4946 | D:10     | Found a runed translucent gate.
  5149 | D:10     | Noticed a green ugly thing
  5149 | D:10     | Noticed a cyclops
  5149 | D:10     | Noticed a centaur warrior
  5186 | D:11     | Noticed a cyclops
  5234 | D:11     | Noticed a cyclops
  5413 | D:11     | Found a staircase to the Orcish Mines.
  5510 | D:11     | Reached **** piety under Sif Muna
  5513 | Orc:1    | Entered Level 1 of the Orcish Mines
  5573 | Orc:1    | Noticed an ettin
  5622 | Orc:1    | Killed an ettin
  5672 | Orc:1    | Noticed an orc sorcerer
  5677 | Orc:1    | HP: 4/81 [orc warrior/+0 glaive (16)]
  5871 | Orc:1    | Reached skill level 5 in Summonings
  5880 | Orc:1    | Killed from afar by a kobold blastminer

Illustrated notes

Levels and vault maps discovered:
D:1:      amcnicky_arrival_single_pillar, layout_basic, serial_shops,
          nicolae_shop_real_fake_doors, reono_crystal_passage
D:2:      kennysheep_big_flooded_room, layout_basic, uniq_sigmund, uniq_terence
D:3:      layout_basic, elyvilon_altar_4, uniq_jessica
D:4:      layout_cave_pools, gammafunk_ghost_split, guppyfry_shop_venom
D:5:      cheibrodos_two_vegetables, layout_loops_ring,
          minmay_temple_entry_junction_2
D:6:      layout_loops_corners, slow_altar_2, lemuel_coloured_pillars_altar,
          item_on_display_a, uniq_blork_the_orc, uniq_maggie
D:7:      minmay_polygon_palace, layout_rooms, uniq_joseph
D:8:      layout_rooms, mainiacjoe_overflow_brackets, uniq_prince_ribbit1
D:9:      layout_roguey, dpeg_lair_monsters, minmay_splitting_lines,
          minmay_misc_feat_tiny
D:10:     minmay_shrinking_squares, layout_irregular_city,
          nicolae_gozag_seed_capital, nicolae_overflow_crystal_walls,
          gammafunk_ghost_ooze
D:11:     layout_roguey, zombieorc1_lemuel
Temple:   kb_temple_of_zot
Orc:1:    layout_caves, portal_ice_cave_demonic_guard

Skill      XL: |  1  2  3  4  5  6  7  8  9 10 11 |
---------------+----------------------------------+-----
Alchemy        | 4 5 8 |  8.2
Spellcasting   | 3 5 6 7 8 10 | 10.0
Fighting       | 9 |  9.7
Dodging        | 7 |  7.2
Shapeshifting  | 4 |  4.6
Fire Magic     | 1 4 |  4.0
Stealth        | 3 4 |  4.0
Invocations    | 3 |  3.0
Evocations     | 3 |  3.0
Summonings     | 5 |  5.3
Conjurations   | |  1.0

Action                     |  1- 3 |  4- 6 |  7- 9 | 10-12 || total
---------------------------+-------+-------+-------+-------++-------
  Melee: Dagger            |    11 |       |       |       ||    11
         Constrict         |     6 |     4 |    20 |    30 ||    60
         Morningstar       |    13 |     6 |       |       ||    19
         Tentacles         |     3 |     2 |    28 |    32 ||    65
         Club              |       |    12 |    88 |    45 ||   145
         Punch             |       |       |       |     2 ||     2
         Scimitar          |       |       |       |    68 ||    68
   Cast: Sting             |    41 |    20 |    76 |    21 ||   158
         Olgreb's Toxic Ra |       |       |    30 |    51 ||    81
         Sticky Flame      |       |       |     1 |    29 ||    30
  Evoke: Wand              |       |       |     2 |     9 ||    11
    Use: Potion            |     1 |     2 |     3 |     4 ||    10
         Scroll            |       |       |     7 |     6 ||    13
   Stab: Distracted        |       |       |     1 |     1 ||     2
 Armour: Skin              |    16 |    11 |    82 |    89 ||   198
  Dodge: Dodged            |    25 |    35 |    95 |   116 ||   271
   Form: Beast             |       |       |       |     1 ||     1

Table legend: (Time is in decaauts)
 A = Elapsed time spent in this place.
 B = Non-inter-level travel time spent in this place.
 C = Inter-level travel time spent in this place.
 D = Time resting spent in this place.
 E = Time spent auto-exploring this place.
 F = Levels seen in this place.
 G = Mean time per level.
                   A        B        C        D        E       F      G
               +--------+--------+--------+--------+--------+-----+--------+
         Total |   5973 |   5478 |    495 |    565 |   1805 |  13 |  459.5 |
       Dungeon |   5569 |   5106 |    463 |    376 |   1805 |  11 |  506.3 |
        Temple |     35 |      3 |     32 |      0 |      0 |   1 |   35.0 |
  Orcish Mines |    367 |    367 |      0 |    189 |      0 |   1 |  367.0 |
               +--------+--------+--------+--------+--------+-----+--------+

Top non-repeatable levels by time:
     D:6: 1063 daAuts
     D:7: 852 daAuts
     D:3: 567 daAuts
    D:10: 506 daAuts
     D:4: 485 daAuts
     D:8: 448 daAuts
     D:5: 425 daAuts
   Orc:1: 367 daAuts
    D:11: 362 daAuts
     D:9: 326 daAuts
     D:2: 282 daAuts
     D:1: 249 daAuts
  Temple: 35 daAuts
